 Dungeon Crawl Stone Soup version 0.27.1 (webtiles) character file.

Game seed: 2258175876097698469

6450 bnorton916 the Timeless (level 10, -1/50 HPs)
             Began as a Deep Elf Conjurer on Aug 28, 2021.
             Was a High Priest of Cheibriados.
             Shot with an arrow by a centaur warrior (21 damage)
             ... on level 9 of the Dungeon.
             The game lasted 00:26:57 (14732 turns).

bnorton916 the Timeless (Deep Elf Conjurer)        Turns: 14732, Time: 00:26:58

Health: -1/50      AC:  7    Str: 27    XL:     10   Next: 67%
Magic:  20/24      EV: 14    Int: 45    God:    Cheibriados [*****.]
Gold:   677        SH:  0    Dex: 29    Spells: 4/25 levels left

rFire    . . .     SeeInvis .   x - +2 dagger (venom)
rCold    + . .     Faith    .   (no shield)
rNeg     . . .     Spirit   .   a - +0 robe
rPois    .         Reflect  .   F - +2 helmet
rElec    .         Harm     .   (no cloak)
rCorr    .         Rampage  .   E - +1 pair of gloves {Dex+3}
Will     +....                  (no boots)
Stlth    +++.......             f - amulet of regeneration
HPRegen  1.16/turn              p - ring of protection from cold
MPRegen  0.19/turn              c - ring "Vor Was" {Str+9 Int+6}

@: very slow
A: no striking features
a: Renounce Religion, Bend Time, Temporal Distortion, Slouch, Step From Time


You were on level 9 of the Dungeon.
You worshipped Cheibriados.
Cheibriados was extremely pleased with you.
You visited 2 branches of the dungeon, and saw 10 of its levels.
You also visited: Sewer and Ossuary.

You collected 677 gold pieces.

Inventory:

Hand Weapons
 x - a +2 dagger of venom (weapon)
Missiles
 b - 210 stones
 q - 73 poisoned darts
 v - 3 curare-tipped darts
Armour
 a - a +0 robe (worn)
 s - the +3 chain mail of the Original Sin {rF++}
   (You found it on level 7 of the Dungeon)

   rF:        It greatly protects you from fire.
 E - a +1 pair of gloves of dexterity (worn)
 F - a +2 helmet (worn)
Jewellery
 c - the ring "Vor Was" (right hand) {Str+9 Int+6}
   (You acquired it on level 6 of the Dungeon)

   [ring of intelligence]

   Str:       It affects your strength (+9).
   Int:       It affects your intelligence (+6).
 f - an amulet of regeneration (around neck)
 n - a ring of protection from fire
 p - a ring of protection from cold (left hand)
Wands
 w - a wand of paralysis (8)
 G - a wand of charming (11)
Scrolls
 d - a scroll of immolation
 e - 2 scrolls of magic mapping
 g - a scroll of teleportation
 h - a scroll of enchant weapon
 r - a scroll of holy word
 u - a scroll of amnesia
 y - a scroll of brand weapon
 H - 3 scrolls of identify
Potions
 i - 2 potions of lignification
 j - 2 potions of invisibility
 k - a potion of magic
 l - 2 potions of brilliance
 m - 2 potions of attraction
 o - 3 potions of heal wounds
 t - 3 potions of resistance
 z - 3 potions of might
 A - a potion of ambrosia
 B - 3 potions of mutation
 C - 2 potions of flight
 D - a potion of cancellation


   Skills:
 - Level 2.4 Dodging
 - Level 2.4 Stealth
 + Level 8.1 Spellcasting
 + Level 7.7 Conjurations
 - Level 6.4 Hexes
 - Level 8.0 Summonings
 - Level 5.3 Translocations
 + Level 3.9 Earth Magic
 + Level 9.7 Invocations


You had 4 spell levels left.
You knew the following spells:

 Your Spells              Type           Power      Damage    Failure   Level
a - Magic Dart            Conj           100%       1d8       1%          1
b - Searing Ray           Conj           100%       3d7       1%          2
c - Fulminant Prism       Conj/Hex       35%        3d18      1%          4
d - Iskenderun's Mystic   Conj/Tloc      67%        2d14      1%          4
e - Summon Mana Viper     Hex/Summ       70%        N/A       2%          5
f - Bolt of Magma         Conj/Fire/Erth 26%        4d12      9%          5

Your spell library contained the following spells:

 Spells                   Type           Power      Damage    Failure   Level
 Animate Skeleton         Necr           36%        N/A       1%          1
 Pain                     Necr           72%        1d7       1%          1
 Call Canine Familiar     Summ           74%        N/A       1%          3
 Dazzling Flash           Conj/Hex       100%       N/A       1%          3
 Portal Projectile        Hex/Tloc       100%       N/A       1%          3
 Stone Arrow              Conj/Erth      100%       3d13      1%          3
 Leda's Liquefaction      Hex/Erth       30%        N/A       1%          4
 Summon Ice Beast         Ice/Summ       53%        N/A       3%          4
 Vampiric Draining        Necr           9%         2d7       4%          3
 Conjure Ball Lightning   Conj/Air       26%        3x3d7     43%         6
 Monstrous Menagerie      Summ           37%        N/A       43%         7
 Discord                  Hex            33%        N/A       100%        8
 Disjunction              Tloc           30%        N/A       100%        8
 Shatter                  Erth           26%        3d22*     100%        9


Dungeon Overview and Level Annotations

Branches:
Dungeon (9/15)             Temple (1/1) D:5           Sewer (visited)
Ossuary (visited)
   Lair: D:8-11         Orc: D:9-12

Altars:
Ashenzari
Cheibriados
Gozag
Makhleb
Okawaru
Qazlal
Wu Jian
Xom
The Shining One

Shops:
D:5 (   D:7 :


Message History

A wraith is nearby!
A wraith is nearby!
Casting: Searing Ray (safe; 1% risk of failure)
Confirm with . or Enter, or press ? or * to list all spells.
Aiming: Searing Ray (safe; 1% risk of failure)
Press: ? - help, Shift-Dir - straight line, f - wraith
Aim: a wraith (wandering, hasn't noticed you, 83% to hit)
The searing ray hits the wraith!
The wraith is moderately damaged. (Press . to maintain the ray.) Unknown command.
The searing ray hits the wraith!
The wraith is heavily damaged.
The wraith closely misses you.
The searing ray hits the wraith!
The wraith is almost destroyed.
The wraith misses you.
The searing ray hits the wraith!
You destroy the wraith!
Cheibriados appreciates the change of pace.
You finish channeling your searing ray.
Unknown command.
You start resting.
Magic restored.
You start waiting.
Done waiting.
A centaur warrior comes into view. It is carrying a wand of digging (2).
Casting: Searing Ray (safe; 1% risk of failure)
Confirm with . or Enter, or press ? or * to list all spells.
Aiming: Fulminant Prism (dangerous; 1% risk of failure)
Press: ? - help, Dir - move target You conjure a prism of explosive energy!
The centaur warrior shouts!
A fulminant prism comes into view.
The centaur warrior wields a +0 longbow.
The centaur warrior shoots an arrow.
The arrow hits you!
The centaur warrior shoots an arrow.
The arrow hits you!!
Your fulminant prism crackles loudly.
The centaur warrior shoots an arrow.
The arrow hits you!!
You die...

.###
....
....
....
....
....
#...
######
#...
#..@.#
####
#.##.#
...
#.#####
.....
#.....#
...*.##
#####.#
.c...
#.#
####
#...#
###.#
.# ####


You could see a centaur warrior (ally target) and a friendly fulminant prism.

Vanquished Creatures
  A hydra (D:9)
  A two-headed ogre (D:9)
  A manticore (D:9)
  Joseph (D:8)
  Grinder (D:6)
  A wraith (D:9)
  4 yaks (D:6)
  A sky beast (D:4)
  A black bear (D:6)
  2 ice beasts
  A necrophage (D:6)
  2 ogres (D:6)
  3 centaurs
  3 phantoms
  7 kobold brigands
  An elf zombie (Ossuary)
  2 bullfrogs
  A gnoll sergeant (D:8)
  A water moccasin skeleton (D:4)
  14 wights
  A centaur zombie (Ossuary)
  4 howler monkeys
  2 hounds (D:6)
  A jelly (D:5)
  7 orc priests
  A scorpion zombie (D:5)
  6 orc wizards
  3 iguanas (D:6)
  A hound zombie (D:5)
  2 mummies (Ossuary)
  9 adders
  3 gnolls (D:8)
  4 river rats (Sewer)
  2 shadow imps (D:6)
  2 white imps
  2 ufetubi (D:5)
  An adder skeleton (D:5)
  An adder zombie (D:3)
  2 worms (D:2)
  A dart slug (D:3)
  21 orcs
  6 bats
  10 endoplasms
  3 giant cockroaches (D:4)
  5 gnoll zombies (Ossuary)
  6 goblins
  3 hobgoblins
  42 kobolds
  9 quokkas
  13 ball pythons
  6 frilled lizards
  2 goblin zombies (Ossuary)
  2 hobgoblin zombies (Ossuary)
  3 orc zombies (Ossuary)
  A quokka skeleton (D:3)
  27 rats
  2 rat zombies (D:6)
265 creatures vanquished.

Vanquished Creatures (collateral kills)
  2 howler monkeys (D:7)
2 creatures vanquished.

Vanquished Creatures (others)
  17 fulminant prisms
17 creatures vanquished.

Grand Total: 284 creatures vanquished

Notes
Turn   | Place    | Note
-------+----------+-------------------------------------------
     0 | D:1      | bnorton916 the Deep Elf Conjurer began the quest for the
                  | Orb.
     0 | D:1      | Reached XP level 1. HP: 10/10 MP: 6/6
   227 | D:1      | Reached XP level 2. HP: 15/15 MP: 5/8
   503 | D:1      | Found a faded altar of an unknown god.
  1114 | D:2      | Learned a level 2 spell: Searing Ray
  1149 | D:2      | Reached skill level 5 in Conjurations
  1149 | D:2      | Reached XP level 3. HP: 19/19 MP: 0/10
  2020 | D:2      | Reached XP level 4. HP: 24/24 MP: 8/12
  2110 | D:2      | Found a shimmering altar of Xom.
  2279 | D:3      | Found a snail-covered altar of Cheibriados.
  2285 | D:3      | Became a worshipper of Cheibriados the Contemplative
  2884 | D:3      | Reached skill level 5 in Spellcasting
  2980 | D:3      | Reached XP level 5. HP: 28/28 MP: 7/14
  3054 | D:3      | Reached * piety under Cheibriados
  3096 | D:3      | Found a burning altar of Makhleb.
  3972 | D:4      | Found a glowing drain.
  4035 | D:4      | Learned a level 4 spell: Fulminant Prism
  4040 | D:4      | Learned a level 4 spell: Iskenderun's Mystic Blast
  4041 | Sewer    | Entered a sewer
  4162 | Sewer    | Reached XP level 6. HP: 32/32 MP: 12/17
  4248 | Sewer    | Reached skill level 1 in Translocations
  4348 | Sewer    | Reached ** piety under Cheibriados
  5449 | D:4      | Reached *** piety under Cheibriados
  5450 | D:4      | Reached XP level 7. HP: 32/36 MP: 10/18
  6529 | D:4      | Reached skill level 5 in Hexes
  6720 | D:5      | Entered Level 5 of the Dungeon
  6950 | D:5      | Reached skill level 1 in Invocations
  7087 | D:5      | Found a staircase to the Ecumenical Temple.
  7092 | Temple   | Entered the Ecumenical Temple
  7117 | D:5      | Reached skill level 2 in Invocations
  7184 | D:5      | Found Teleruu's Weapon Boutique.
  7194 | D:5      | Reached XP level 8. HP: 41/41 MP: 14/19
  7293 | D:5      | Reached **** piety under Cheibriados
  7294 | D:5      | Reached skill level 5 in Translocations
  7328 | D:5      | Reached skill level 3 in Invocations
  7977 | D:6      | Found a sand-covered staircase.
  8015 | Ossuary  | Entered an ossuary
  8022 | Ossuary  | Learned a level 5 spell: Summon Mana Viper
  8430 | Ossuary  | Reached skill level 1 in Summonings
  9054 | D:6      | Reached skill level 4 in Invocations
  9095 | D:6      | Noticed Grinder
  9100 | D:6      | Killed Grinder
  9101 | D:6      | Reached skill level 5 in Invocations
  9561 | D:6      | Reached skill level 6 in Invocations
  9561 | D:6      | Reached XP level 9. HP: 34/45 MP: 9/20
  9568 | D:6      | Reached skill level 5 in Summonings
  9775 | D:6      | Identified a scroll of acquirement
  9775 | D:6      | Acquired the ring "Vor Was" {Str+9 Int+6}
  9826 | D:6      | Reached skill level 7 in Invocations
  9889 | D:6      | Found an opulent altar of Gozag.
  9896 | D:6      | Found an ornate altar of the Wu Jian Council.
 10252 | D:7      | Identified the +3 chain mail of the Original Sin {rF++}
 10495 | D:7      | Found Igonnusitt's Self-Improvement Boutique.
 10644 | D:7      | Reached ***** piety under Cheibriados
 10692 | D:7      | Acquired a book of the Earth
 10710 | D:7      | Reached skill level 8 in Invocations
 10841 | D:7      | Found a glowing golden altar of the Shining One.
 11886 | D:8      | Reached XP level 10. HP: 50/50 MP: 11/21
 12049 | D:8      | Learned a level 5 spell: Bolt of Magma
 12080 | D:8      | Found a broken altar of Ashenzari.
 12084 | D:8      | Saw a vision of the Shoals and the Snake Pit.
 12084 | D:8      | Noticed a sea snake
 12084 | D:8      | Noticed a merfolk siren
 12084 | D:8      | Noticed an anaconda
 12084 | D:8      | Noticed a black mamba
 12084 | D:8      | Noticed a mana viper
 12084 | D:8      | Noticed an anaconda
 12084 | D:8      | Noticed an anaconda
 12084 | D:8      | Noticed a sea snake
 12389 | D:8      | Reached skill level 1 in Earth Magic
 12416 | D:8      | Reached skill level 9 in Invocations
 12651 | D:8      | Acquired a +1 pair of gloves of dexterity
 12674 | D:8      | Found an iron altar of Okawaru.
 13011 | D:8      | Noticed Joseph
 13152 | D:8      | Killed Joseph
 13899 | D:9      | Noticed a two-headed ogre
 13906 | D:9      | Killed a two-headed ogre
 14023 | D:9      | Noticed a seven-headed hydra
 14034 | D:9      | Killed a seven-headed hydra
 14039 | D:9      | Noticed a manticore
 14245 | D:9      | Killed a manticore
 14577 | D:9      | Noticed a catoblepas
 14577 | D:9      | Noticed a great orb of eyes
 14730 | D:9      | Noticed a centaur warrior
 14732 | D:9      | Shot with an arrow by a centaur warrior

Illustrated notes

Levels and vault maps discovered:
D:1:      grunt_arrival_lava_bath, layout_basic,
          hellmonk_ecumenical_altar_blasted, serial_park_tiny_pond
D:2:      kennysheep_six_static_rooms, layout_loops_ring, kennysheep_flooded_box
D:3:      layout_basic, lemuel_crystal_altar, mainiacjoe_overflow_paths,
          minmay_unequal
D:4:      layout_basic, gup_sewer_entry_pipe
D:5:      layout_basic, temple_doors_e, serial_shops, nicolae_shop_trees,
          grunt_ministairs_15, minmay_misc_feat_x
D:6:      layout_basic, mainiacjoe_overflow_large_starburst, enter_ossuary_4,
          uniq_grinder
D:7:      layout_basic, nicolae_overflow_crystal_walls, nicolae_shop_self_help
D:8:      layout_layer_cave, grunt_ashenzari_visionary
          [grunt_ashenzari_visionary_shoals, grunt_ashenzari_visionary_snake],
          okawaru_gym_becter, serial_park_tiny_2, hellmonk_bongcloud_opening,
          uniq_joseph
D:9:      minmay_tri_box, layout_basic
Temple:   eino_wide_crystal_templ

Skill      XL: |  1  2  3  4  5  6  7  8  9 10 |
---------------+-------------------------------+-----
Spellcasting   | 4 5 6 8 |  8.1
Conjurations   | 5 6 7 |  7.7
Hexes          | 4 5 6 |  6.4
Translocations | 3 4 5 |  5.3
Invocations    | 2 6 8 9 |  9.7
Summonings     | 4 8 |  8.0
Earth Magic    | 3 |  3.9
Dodging        | |  2.4
Stealth        | |  2.4

Action                   |  1- 3 |  4- 6 |  7- 9 | 10-12 || total
-------------------------+-------+-------+-------+-------++-------
Melee: Unarmed           |     4 |     2 |       |       ||     6
       Dagger            |       |       |    10 |     8 ||    18
 Cast: Magic Dart        |    78 |   117 |   145 |    13 ||   353
       Searing Ray       |     1 |    20 |    42 |     7 ||    70
       Iskenderun's Myst |       |     1 |     8 |     9 ||    18
       Fulminant Prism   |       |       |    11 |     7 ||    18
       Summon Mana Viper |       |       |     1 |     2 ||     3
Invok: Slouch            |       |       |     1 |       ||     1
  Use: Potion            |       |     3 |     1 |       ||     4
       Scroll            |       |       |    22 |     3 ||    25
Armor: Robe              |     3 |     4 |    14 |     8 ||    29
Dodge: Dodged            |     6 |    27 |    50 |    19 ||   102
